 Dungeon Crawl Stone Soup version 0.25-a0-42-g6c54e25894 (webtiles) character file.

Game seed: 7840636086774084620, levelgen mode: deterministic

118 DavidChitty2 the Firebug (level 4, -1/25 HPs)
             Began as a Deep Elf Fire Elementalist on Oct 23, 2019.
             Slain by Robin
             ... wielding a +0 falchion of protection
              (2 damage)
             ... on level 2 of the Dungeon.
             The game lasted 00:07:25 (2203 turns).

DavidChitty2 the Firebug (DEFE)                     Turns: 2203, Time: 00:07:25

Health: -1/25      AC:  5    Str:  5    XL:     4   Next: 72%
Magic:  5/12       EV: 12    Int: 21    God:
Gold:   72         SH:  0    Dex: 15    Spells: 5/11 levels left

rFire    . . .     SeeInvis .   b - +0 spear
rCold    . . .     Gourm    .   (no shield)
rNeg     . . .     Faith    .   i - +0 leather armour
rPois    .         Spirit   .   m - +1 helmet
rElec    .         Reflect  .   (no cloak)
rCorr    .         Harm     .   (no gloves)
MR       +....                  (no boots)
Stlth    ++........             (no amulet)
HPRegen  0.08/turn              l - ring of protection from magic
MPRegen  0.13/turn              (no ring)

@: no status effects
A: no striking features
a: no special abilities


You were on level 2 of the Dungeon.
You were not hungry.

You visited 1 branch of the dungeon, and saw 2 of its levels.

You collected 72 gold pieces.

Inventory:

Hand Weapons
 a - a +0 dagger
   (You found it on level 1 of the Dungeon)
 b - a +0 spear (weapon)
   (You found it on level 1 of the Dungeon)
Missiles
 f - 112 stones
 j - 10 poisoned darts (quivered)
Armour
 i - a +0 leather armour (worn)
   (You found it on level 1 of the Dungeon)
 m - a +1 helmet (worn)
   (You found it on level 2 of the Dungeon)
Jewellery
 l - a ring of protection from magic (left hand)
   (You found it on level 1 of the Dungeon)
Scrolls
 c - a scroll of identify {@r1}
 n - a scroll of amnesia {unknown}
 p - a scroll of magic mapping {unknown}
Potions
 d - a potion of might {unknown}
 g - a potion of flight {unknown}
 h - a potion of lignification {!q}
 o - a potion of mutation {unknown}
Comestibles
 e - 4 rations {!d}
 k - a chunk of flesh


   Skills:
 + Level 1.3 Fighting
 - Level 2.4 Dodging
 - Level 2.4 Stealth
 + Level 4.0 Spellcasting
 + Level 2.3 Conjurations
 * Level 4.6 Fire Magic


You had 5 spell levels left.
You knew the following spells:

 Your Spells              Type           Power        Failure   Level  Hunger
a - Flame Tongue          Conj/Fire      ###..        4%          1    None
d - Conjure Flame         Conj/Fire      ###.....     14%         3    ###....
x - Throw Flame           Conj/Fire      ###...       8%          2    #......

Your spell library contained the following spells:

 Spells                   Type           Power        Failure   Level  Hunger
 Inner Flame              Hex/Fire       ##......     24%         3    ###....
 Sticky Flame             Conj/Fire      ###.....     43%         4    ####...
 Fireball                 Conj/Fire      ###.......   80%         5    ######.


Dungeon Overview and Level Annotations

Branches:
Dungeon (2/15)

Altars:
Okawaru

Annotations:
D:2 Robin


Message History

Aim: Robin, wielding a +0 falchion of protection, wearing a +2 animal skin and wearing a +0 helmet You throw a poisoned dart.
The poisoned dart barely misses Robin.
Robin roars a battlecry!
You hear a shout!
Throwing (i - inventory. (/) - cycle)
j - 11 poisoned darts (quivered)
Aim: Robin, wielding a +0 falchion of protection, wearing a +2 animal skin and wearing a +0 helmet You throw a poisoned dart.
The poisoned dart barely misses Robin.
Robin throws the goblin at you! The goblin hits you with a +0 club.
Aim: Robin, wielding a +0 falchion of protection, wearing a +2 animal skin and wearing a +0 helmet The flame tongue misses Robin.
The goblin misses you.
Aim: Robin, wielding a +0 falchion of protection, wearing a +2 animal skin and wearing a +0 helmet The flame tongue hits Robin!
A goblin comes into view. It is wielding a +0 dagger.
The goblin hits you with a +0 club.
Aim: Robin, wielding a +0 falchion of protection, wearing a +2 animal skin and wearing a +0 helmet (heavily wounded)
The flame tongue hits Robin.
A goblin comes into view. It is wielding a +0 club.
Robin hits you with a +0 falchion of protection.
The goblin barely misses you. Robin throws the goblin at you!
* * * LOW HITPOINT WARNING * * *
The goblin hits you but does no damage.
Aim: Robin, wielding a +0 falchion of protection, wearing a +2 animal skin and wearing a +0 helmet (severely wounded)
The flame tongue hits Robin.
Aim: Robin, wielding a +0 falchion of protection, wearing a +2 animal skin and wearing a +0 helmet (severely wounded)
The flame tongue misses the goblin.
The flame tongue hits Robin but does no damage.
The goblin barely misses you.
Aim: Robin, wielding a +0 falchion of protection, wearing a +2 animal skin and wearing a +0 helmet (severely wounded)
The flame tongue misses the goblin.
The flame tongue hits Robin but does no damage.
Robin throws the goblin at you!
* * * LOW HITPOINT WARNING * * *
The goblin closely misses you.
Aim: Robin, wielding a +0 falchion of protection, wearing a +2 animal skin and wearing a +0 helmet (severely wounded)
The flame tongue misses Robin.
The goblin shouts!
The goblin closely misses you.
Aim: Robin, wielding a +0 falchion of protection, wearing a +2 animal skin and wearing a +0 helmet (severely wounded)
The flame tongue hits Robin but does no damage.
The goblin no longer looks unusually strong.
Robin throws the goblin at you! The goblin hits you with a +0 club!
* * * LOW HITPOINT WARNING * * *
The goblin closely misses you.
As you read the scroll labeled OHETUI SU ZEU, it crumbles to dust.
It is a scroll of identify.
h - a potion of lignification The goblin no longer looks unusually strong.
Robin hits you with a +0 falchion of protection.
You die...

........### ##....### #######.#
#....(..######
#######.#######..(.g.......#
..................g..........
.####.###.....##...........## .#
#.# #..)...#####.......# #### .#
#.# #......# #.............
.####.###......#####...g)..###...
..........###..g@g##.......# #...
#####.#.....#####g###.##+#####...
...<#.#.#.#.# #................
.####.#.#...#######........###...
.####.#.#..)#.....#........# #...
....#.#.....#.###.#.#'##.### #...
##.##.###...#..#..#.#.##.# #...
...##.# #.#.#..#.##......# #...
#####.###.#..#.#.####.########.##


You could see Robin and 2 goblins.

Vanquished Creatures
  Natasha (thrice) (D:2)
  2 oozes (D:2)
  2 dart slugs
  2 giant cockroaches (D:2)
  6 goblins (D:2)
  2 hobgoblins (D:2)
  6 kobolds
  A ball python (D:1)
  3 bats (D:1)
  5 frilled lizards
  4 rats
36 creatures vanquished.

Notes
Turn   | Place    | Note
-------+----------+-------------------------------------------
     0 | D:1      | DavidChitty2 the Deep Elf Fire Elementalist began the quest
                  | for the Orb.
     0 | D:1      | Reached XP level 1. HP: 10/10 MP: 6/6
   775 | D:1      | Reached XP level 2. HP: 16/16 MP: 5/8
   805 | D:1      | Learned a level 2 spell: Throw Flame
  1309 | D:2      | Found an iron altar of Okawaru.
  1499 | D:2      | Reached XP level 3. HP: 19/20 MP: 2/9
  1565 | D:2      | Learned a level 3 spell: Conjure Flame
  1740 | D:2      | Noticed Natasha
  1744 | D:2      | Killed Natasha
  1744 | D:2      | Reached skill level 1 in Fighting
  1815 | D:2      | Noticed Natasha
  1819 | D:2      | Killed Natasha
  1819 | D:2      | Reached XP level 4. HP: 25/25 MP: 7/11
  1867 | D:2      | Noticed Natasha
  1874 | D:2      | Killed Natasha
  2138 | D:2      | Noticed Robin
  2202 | D:2      | HP: 1/25 [goblin/+0 club[Robin] (9)]
  2203 | D:2      | Slain by Robin

Levels and vault maps discovered:
D:1:      minmay_arrival_checkered_box, layout_basic, glass_columns_a
D:2:      layout_basic, kennysheep_okawaru_gauntlet, first_ration,
          nicolae_ashenzari_panopticon, uniq_robin, uniq_natasha

Skill      XL: |  1  2  3  4 |
---------------+-------------+-----
Fire Magic     | 4 |  4.6
Fighting       | 1 |  1.3
Conjurations   | 2 |  2.3
Spellcasting   | 4 |  4.0
Dodging        | |  2.4
Stealth        | |  2.4

Action                   |  1- 3 |  4- 6 || total
-------------------------+-------+-------++-------
Melee: Spear             |     2 |       ||     2
Throw: Stone             |     7 |       ||     7
       Dart              |     2 |     6 ||     8
 Cast: Flame Tongue      |    22 |    15 ||    37
       Throw Flame       |    18 |     5 ||    23
  Use: Scroll            |       |     1 ||     1
  Eat: Chunk             |     3 |     1 ||     4
Armor: Robe              |     1 |       ||     1
       Leather armour    |     2 |     1 ||     3
Dodge: Dodged            |     7 |     6 ||    13

Table legend:
 A = Non-vault XP
 B = Vault XP
 C = Vault XP percentage of total XP
 D = Non-vault monster count
 E = Vault monster count
 F = Vault count percentage of total count
                 A         B        C        D         E       F
            +---------+---------+-------+---------+---------+-------
      Total |     127 |      42 |  24.9 |      31 |       5 |  13.9
            +---------+---------+-------+---------+---------+-------
        D:1 |      17 |       0 |   0.0 |      13 |       0 |   0.0
        D:2 |     110 |      42 |  27.6 |      18 |       5 |  21.7
            +---------+---------+-------+---------+---------+-------
